 Dungeon Crawl Stone Soup version 0.27-a0-695-gb4952372f7 (webtiles) character file.

Game seed: 2107064265148730488

954 jestyr24 the Conjurer (level 7, 0/36 HPs)
             Began as a Deep Elf Conjurer on Mar 21, 2021.
             Was a Follower of Yredelemnul.
             Slain by an orc warrior
             ... wielding a +0 flail
              (17 damage)
             ... on level 6 of the Dungeon.
             The game lasted 00:23:34 (5139 turns).

jestyr24 the Conjurer (Deep Elf Conjurer)           Turns: 5139, Time: 00:23:34

Health: 0/36       AC:  5    Str:  4    XL:     7   Next: 90%
Magic:  13/18      EV: 12    Int: 25    God:    Yredelemnul [*.....]
Gold:   220        SH:  0    Dex: 13    Spells: 10/19 levels left

rFire    + . .     SeeInvis +   p - +8 lance "Wyrmbane" {slay drac, rPois rF+ rC+ AC+3}
rCold    + . .     Faith    +   (no shield)
rNeg     . . .     Spirit   .   a - +0 robe
rPois    +         Reflect  .   d - +0 hat
rElec    .         Harm     .   (no cloak)
rCorr    .         Rampage  .   (no gloves)
Will     .....                  (no boots)
Stlth    +++.......             j - amulet of faith
HPRegen  0.12/turn              m - ring of see invisible
MPRegen  0.16/turn              r - +4 ring of slaying

@: no status effects
A: no striking features
a: Renounce Religion, Animate Remains


You were on level 6 of the Dungeon.
You worshipped Yredelemnul.
Yredelemnul was aware of your devotion.
You visited 2 branches of the dungeon, and saw 7 of its levels.

You collected 220 gold pieces.

Inventory:

Hand Weapons
 p - the +8 lance "Wyrmbane" (weapon) {slay drac, rPois rF+ rC+ AC+3}
   (You found it on level 4 of the Dungeon)

   It affects your AC (+3).
   It protects you from fire.
   It protects you from cold.
   It protects you from poison.
Missiles
 f - 42 stones
 n - 5 boomerangs (quivered)
Armour
 a - a +0 robe (worn)
 d - a +0 hat (worn)
Jewellery
 j - an amulet of faith (around neck)
 m - a ring of see invisible (right hand)
 r - a +4 ring of slaying (left hand)
Scrolls
 b - 5 scrolls of identify {unknown}
 g - a scroll of amnesia {unknown}
 h - 2 scrolls of enchant weapon {unknown}
 k - 2 scrolls of fear {unknown}
 q - 3 scrolls of blinking {unknown}
 s - a scroll of teleportation {unknown}
 t - a scroll of random uselessness {unknown}
 u - a scroll of summoning {unknown}
 v - a scroll of noise {unknown}
Potions
 c - a potion of attraction {unknown}
 e - 2 potions of heal wounds {unknown}
 i - 2 potions of mutation {unknown}
 l - a potion of flight {unknown}
 o - 2 potions of invisibility {unknown}


   Skills:
 - Level 0.4 Polearms
 - Level 2.6 Dodging
 * Level 5.7 Stealth
 + Level 6.5 Spellcasting
 + Level 7.5 Conjurations
 * Level 4.3 Hexes
 + Level 0.5 Translocations


You had 10 spell levels left.
You knew the following spells:

 Your Spells              Type           Power      Damage    Failure   Level
a - Magic Dart            Conj           100%       1d8       1%          1
b - Searing Ray           Conj           90%        3d6       1%          2
c - Blink                 Tloc           N/A        N/A       9%          2
d - Fulminant Prism       Conj/Hex       18%        3d11      6%          4

Your spell library contained the following spells:

 Spells                   Type           Power      Damage    Failure   Level
 Corona                   Hex            32%        N/A       1%          1
 Slow                     Hex            29%        N/A       1%          2
 Dazzling Flash           Conj/Hex       74%        N/A       1%          3
 Confusing Touch          Hex            29%        N/A       3%          3
 Tukima's Dance           Hex            29%        N/A       3%          3
 Ensorcelled Hibernation  Hex/Ice        38%        N/A       4%          2
 Conjure Flame            Conj/Fire      27%        6-21      4%          3
 Apportation              Tloc           20%        N/A       5%          1
 Animate Skeleton         Necr           16%        N/A       7%          1
 Summon Small Mammal      Summ           32%        N/A       7%          1
 Mephitic Cloud           Conj/Pois/Air  20%        N/A       8%          3
 Call Imp                 Summ           8%         N/A       11%         2
 Iskenderun's Mystic Bla  Conj/Tloc      28%        2d7       13%         4


Dungeon Overview and Level Annotations

Branches:
Dungeon (6/15)             Temple (1/1) D:4

Altars:
Ashenzari
Cheibriados
Dithmenos
Elyvilon
Fedhas
Gozag
Hepliaklqana
Kikubaaqudgha
Makhleb
Nemelex Xobeh
Okawaru
Qazlal
Ru
Sif Muna
Trog
Uskayaw
Vehumet
Wu Jian
Xom
Yredelemnul
Zin
The Shining One


Message History

Aim: an orc warrior, wielding a +0 flail and wearing a +0 plate armour (62% to hit)
You throw a boomerang.
The boomerang hits the orc warrior but does no damage.
Throw: 5 boomerangs
Press: ? - help, Q - select action, (/) - cycle Shift-Dir - straight line, f/p - orc warrior
Aim: an orc warrior, wielding a +0 flail and wearing a +0 plate armour (62% to hit)
You throw a boomerang.
The boomerang hits the orc warrior but does no damage.
Casting: Searing Ray (safe; 1% risk of failure)
Confirm with . or Enter, or press ? or * to list all spells.
Aiming: Searing Ray (safe; 1% risk of failure)
Press: ? - help, Shift-Dir - straight line, f/p - orc warrior
Aim: an orc warrior, wielding a +0 flail and wearing a +0 plate armour (18% to evade)
The searing ray hits the orc warrior.
The orc warrior is lightly wounded. (Press . to maintain the ray.)
The searing ray hits the orc warrior!
The orc warrior is heavily wounded.
You closely miss the orc warrior.
The orc warrior is heavily wounded.
The orc warrior hits you with a +0 flail.
An orc comes into view. It is wielding a +0 whip.
You hit the orc warrior.
The orc warrior is heavily wounded.
The orc warrior hits you with a +0 flail!
The orc warrior hits you with a +0 flail.
Casting: Searing Ray (safe; 1% risk of failure)
Confirm with . or Enter, or press ? or * to list all spells.
Aiming: Searing Ray (safe; 1% risk of failure)
Press: ? - help, Shift-Dir - straight line, f/p - orc warrior
Aim: an orc warrior, wielding a +0 flail and wearing a +0 plate armour (heavily wounded, 18% to evade)
The searing ray hits the orc warrior.
The orc warrior is severely wounded. (Press . to maintain the ray.)
The orc warrior hits you with a +0 flail.
The searing ray hits the orc warrior!
The orc warrior is almost dead.
The orc warrior hits you with a +0 flail!
You die...
Your body rises from the dead as a mindless zombie.

#############
...o..o@....#
[##########.#
#.# #.# #.#
#.# #.# #.#
#.#


You could see an orc warrior and an orc.

Vanquished Creatures
  Pikel (D:4)
  An ice beast (D:5)
  A sky beast (D:5)
  A hound (D:4)
  A centaur skeleton (D:4)
  2 orc wizards (D:5)
  An iguana (D:4)
  2 worker ants (D:4)
  A hound skeleton (D:5)
  4 adders
  An ooze (D:5)
  2 adder skeletons
  A worm (D:2)
  5 leopard geckos
  11 orcs
  2 giant cockroaches
  7 goblins
  6 hobgoblins
  5 jackals
  7 kobolds
  3 bats
  4 frilled lizards
  A leopard gecko skeleton (D:4)
  5 rats
75 creatures vanquished.

Notes
Turn   | Place    | Note
-------+----------+-------------------------------------------
     0 | D:1      | jestyr24 the Deep Elf Conjurer began the quest for the Orb.
     0 | D:1      | Reached XP level 1. HP: 10/10 MP: 6/6
   372 | D:1      | Reached XP level 2. HP: 15/15 MP: 6/8
  1176 | D:2      | Reached skill level 5 in Conjurations
  1279 | D:2      | Learned a level 2 spell: Searing Ray
  1282 | D:2      | Learned a level 2 spell: Blink
  1584 | D:2      | Reached XP level 3. HP: 19/19 MP: 3/9
  1772 | D:2      | Found a faded altar of an unknown god.
  1942 | D:2      | Found a blossoming altar of Fedhas.
  1942 | D:2      | Found a broken altar of Ashenzari.
  1942 | D:2      | Found a burning altar of Makhleb.
  1942 | D:2      | Found an ornate altar of the Wu Jian Council.
  1951 | D:2      | Found a glowing golden altar of the Shining One.
  1955 | D:2      | Found an opulent altar of Gozag.
  2912 | D:3      | Reached XP level 4. HP: 24/24 MP: 7/11
  2983 | D:3      | Learned a level 4 spell: Fulminant Prism
  3076 | D:4      | Noticed Pikel
  3076 | D:4      | Noticed a lemure
  3082 | D:4      | Noticed a lemure
  3092 | D:4      | Killed Pikel
  3093 | D:4      | Reached skill level 5 in Spellcasting
  3093 | D:4      | Reached skill level 7 in Conjurations
  3093 | D:4      | Reached XP level 5. HP: 20/28 MP: 2/14
  3093 | D:4      | Reached XP level 6. HP: 23/32 MP: 2/16
  3093 | D:4      | Reached XP level 7. HP: 26/36 MP: 2/17
  3258 | D:4      | Found a staircase to the Ecumenical Temple.
  3267 | Temple   | Entered the Ecumenical Temple
  3467 | Temple   | Became a worshipper of Yredelemnul the Dark
  4022 | D:4      | Found the +8 lance "Wyrmbane" {slay drac, rPois rF+ rC+
                  | AC+3}
  4448 | D:5      | Entered Level 5 of the Dungeon
  4454 | D:5      | Reached skill level 5 in Stealth
  4726 | D:5      | Found a shadowy altar of Dithmenos.
  4895 | D:5      | Reached * piety under Yredelemnul
  5139 | D:6      | Slain by an orc warrior

Illustrated notes

Levels and vault maps discovered:
D:1:      dpeg_arrival_court, layout_basic
D:2:      layout_basic, minmay_overflow_temple_hex,
          chequers_ecumenical_altar_island
D:3:      layout_basic, st_stairs_5
D:4:      minmay_chambers_of_fours, layout_loops_ring,
          minmay_temple_entry_antechambers, kennysheep_generic_room_13,
          uniq_pikel
D:5:      layout_rooms, basic_altar
D:6:      layout_loops_ring, fedhas_bush_and_centaur_altar
Temple:   eino_temple_scatter_basement

Skill      XL: |  1  2  3  4  5  6  7 |
---------------+----------------------+-----
Conjurations   | 5 7 |  7.5
Stealth        | 4 5 |  5.7
Spellcasting   | 5 6 |  6.5
Hexes          | 3 4 |  4.3
Polearms       | |  0.4
Dodging        | |  2.6
Translocations | |  0.5

Action                   |  1- 3 |  4- 6 |  7- 9 || total
-------------------------+-------+-------+-------++-------
Melee: Lance             |       |       |    24 ||    24
Throw: Boomerang         |     4 |       |     7 ||    11
 Cast: Magic Dart        |    56 |     8 |     9 ||    73
       Searing Ray       |     7 |     2 |    16 ||    25
       Blink             |       |     1 |       ||     1
 Stab: Sleeping          |       |       |     2 ||     2
Armor: Robe              |       |       |     5 ||     5
Dodge: Dodged            |     6 |     1 |    13 ||    20

Table legend: (Time is in decaauts)
 A = Elapsed time spent in this place.
 B = Non-inter-level travel time spent in this place.
 C = Inter-level travel time spent in this place.
 D = Time resting spent in this place.
 E = Time spent auto-exploring this place.
 F = Levels seen in this place.
 G = Mean time per level.
                   A        B        C        D        E       F      G
               +--------+--------+--------+--------+--------+-----+--------+
         Total |   5144 |   4852 |    292 |    486 |   3559 |   7 |  734.9 |
       Dungeon |   4922 |   4676 |    246 |    486 |   3386 |   6 |  820.3 |
        Temple |    221 |    175 |     46 |      0 |    173 |   1 |  221.0 |
               +--------+--------+--------+--------+--------+-----+--------+

Top non-repeatable levels by time:
     D:4: 1219 daAuts
     D:1: 1081 daAuts
     D:2: 1041 daAuts
     D:3: 887 daAuts
     D:5: 570 daAuts
  Temple: 221 daAuts
     D:6: 122 daAuts
